 Dungeon Crawl Stone Soup version 0.31-a0-764-g8440623082 (webtiles) character file.

Game seed: 17763183274206304250

30 Descartes the Shield-Bearer (level 3, -1/30 HPs)
             Began as a Formicid Fighter on Sept 15, 2023.
             Slain by a worm (7 damage)
             ... on level 2 of the Dungeon.
             The game lasted 00:01:03 (720 turns).

Descartes the Shield-Bearer (Formicid Fighter)       Turns: 720, Time: 00:01:03

Health: -1/30      AC:  6    Str: 22    XL:     3   Next: 37%
Magic:  3/3        EV:  9    Int:  7    God:
Gold:   86         SH:  5    Dex: 13    Spells: 2/2 levels left

rFire   . . .        a - +0 war axe
rCold   . . .        c - +0 buckler
rNeg    . . .        b - +0 scale mail
rPois   .            (helmet unavailable)
rElec   .            (no cloak)
rCorr   .            (no gloves)
SInv    +            (no boots)
Will    .....        (no amulet) Stlth
                     (no ring)
HPRegen 0.25/turn    (no ring)
MPRegen 0.08/turn

%: no passive effects
@: no status effects
A: permanent stasis, dig shafts and tunnels, antennae 3, four strong arms
a: Dig, Shaft Self


You were on level 2 of the Dungeon.
You visited 1 branch of the dungeon, and saw 2 of its levels.

You collected 86 gold pieces.

Inventory:

Hand Weapons
 a - a +0 war axe (weapon)
Armour
 b - a +0 scale mail (worn)
 c - a +0 buckler (worn)
Scrolls
 f - a scroll of teleportation {unknown}
 g - a scroll of revelation {unknown}
Potions
 d - 2 potions of might
 e - a potion of enlightenment {unknown}


   Skills:
 + Level 3.7 Fighting
 + Level 2.4 Axes
 + Level 3.6 Armour
 + Level 4.4 Shields


You had 2 spell levels left.
You didn't know any spells.
Your spell library contained the following spells:

 Spells                   Type           Power      Damage    Failure   Level
 Iskenderun's Battlesphe  Conj           0%         2d6       100%        5
 Leda's Unmaking          Conj/Erth      0%         9d1       100%        6
 Spellforged Servitor     Conj/Summ      0%         N/A       100%        7


Dungeon Overview and Level Annotations

Branches:
Dungeon (2/15)

Altars:


Innate Abilities, Weirdness & Mutations

You cannot be hasted, slowed, berserked, paralysed or teleported.
You can dig through walls and to a lower floor.
You have a pair of large antennae on your head. (SInv)
Your four strong arms can wield two-handed weapons with a shield.


Message History

The hobgoblin hits you but does no damage.
The goblin barely misses you. The endoplasm freezes you.
You are frozen.
The ball python barely misses you. The ball python grabs you.
The ball python constricts you.
You barely miss the ball python. You barely miss the hobgoblin.
You barely miss the goblin. You hit the endoplasm.
You kill the endoplasm!
The ball python bites you but does no damage.
The ball python constricts you. The hobgoblin barely misses you.
The goblin hits you but does no damage. You block the ball python's attack.
The ball python constricts you.
You closely miss the ball python. You hit the goblin.
You kill the goblin!
You hit the worm. You completely miss the hobgoblin.
The hobgoblin hits you but does no damage.
The ball python closely misses you. The ball python constricts you.
The worm bites you. The hobgoblin hits you.
* * * LOW HITPOINT WARNING * * *
You barely miss the worm.
The worm is lightly wounded.
You hit the ball python but do no damage.
You hit the hobgoblin.
The ball python bites you but does no damage.
The ball python constricts you.
The hobgoblin hits you but does no damage.
You block the ball python's attack. The ball python constricts you.
The worm barely misses you.
You hit the worm.
The worm is moderately wounded.
You slash the ball python!
You kill the ball python!
You hit the hobgoblin.
You kill the hobgoblin!
The worm bites you.
* * * LOW HITPOINT WARNING * * *
You barely miss the worm.
The worm is moderately wounded.
The worm bites you!
You die...

###....
......
#....##
#....., #.
#....# $.
{
....#.##.
#))......
# #@..#.#
#.##w....#
#..<...###
#####...#
....#
.....#
......#
......+
......#


You could see a worm.

Vanquished Creatures
  2 dart slugs (D:1)
  A ball python (D:2)
  2 bats (D:1)
  2 endoplasms
  2 goblins
  3 hobgoblins
  4 jackals (D:1)
  A kobold (D:2)
  2 frilled lizards (D:1)
  4 rats (D:1)
23 creatures vanquished.

Notes
Turn   | Place    | Note
-------+----------+-------------------------------------------
     0 | D:1      | Descartes the Formicid Fighter began the quest for the Orb.
     0 | D:1      | Reached XP level 1. HP: 18/18 MP: 1/1
   129 | D:1      | Reached XP level 2. HP: 24/24 MP: 2/2
   370 | D:1      | Reached XP level 3. HP: 10/29 MP: 3/3
   720 | D:2      | Slain by a worm

Illustrated notes

Levels and vault maps discovered:
D:1:      spicycebolla_arrival_transporter_tutorial, layout_basic,
          minmay_cut_off
D:2:      layout_loops_corners, minmay_domino_4

Action                     || total
---------------------------++-------
  Melee: War axe           ||    49
 Armour: Scale mail        ||    49
  Dodge: Dodged            ||    45
  Block: Buckler           ||    17

Table legend: (Time is in decaauts)
 A = Elapsed time spent in this place.
 B = Non-inter-level travel time spent in this place.
 C = Inter-level travel time spent in this place.
 D = Time resting spent in this place.
 E = Time spent auto-exploring this place.
 F = Levels seen in this place.
 G = Mean time per level.
                   A        B        C        D        E       F      G
               +--------+--------+--------+--------+--------+-----+--------+
         Total |    740 |    693 |     47 |      0 |    576 |   2 |  370.0 |
       Dungeon |    740 |    693 |     47 |      0 |    576 |   2 |  370.0 |
               +--------+--------+--------+--------+--------+-----+--------+

Top non-repeatable levels by time:
     D:1: 726 daAuts
     D:2: 14 daAuts
